 Seeded DCSS version 0.29-a0-911-g88e6f02907 (webtiles) character file.

Game seed: 12646791263056600687 (custom seed)

60 purpskrrrp the Sneak (level 3, -2/29 HPs)
             Began as a Demonspawn Delver on July 25, 2022.
             Slain by an orc
             ... wielding a +0 mace
              (7 damage)
             ... on level 4 of the Dungeon.
             The game lasted 00:03:38 (495 turns).

purpskrrrp the Sneak (Demonspawn Delver)             Turns: 495, Time: 00:03:38

Health: -2/29      AC:  3    Str: 14    XL:     3   Next: 80%
Magic:  3/3        EV: 12    Int: 11    God:
Gold:   28         SH:  5    Dex: 14    Spells: 2/2 levels left

rFire   . . .      SeeInvis .   a - +0 mace
rCold   . . .      Faith    .   (no shield)
rNeg    . . .      Spirit   .   b - +0 leather armour
rPois   .          Reflect  +   (no helmet)
rElec   .          Harm     .   (no cloak)
rCorr   .          Rampage  .   (no gloves)
Will    .....                   (no boots)
Stlth   +++.......              h - amulet of reflection
HPRegen 0.09/turn               (no ring)
MPRegen 0.08/turn               (no ring)

@: no status effects
A: hooves 1
a: no special abilities


You were on level 4 of the Dungeon.
You visited 1 branch of the dungeon, and saw 2 of its levels.

You collected 28 gold pieces.

Inventory:

Hand Weapons
 a - a +0 mace (weapon)
Armour
 b - a +0 leather armour (worn)
Jewellery
 h - an amulet of reflection (around neck)
Wands
 g - a wand of digging (3)
Scrolls
 f - a scroll of identify {unknown}
 i - a scroll of teleportation {unknown}
Potions
 k - a potion of mutation {unknown}
 l - a potion of flight {unknown}


   Skills:
 + Level 3.2 Fighting
 + Level 1.9 Maces & Flails
 + Level 0.3 Armour
 + Level 1.9 Dodging
 + Level 5.5 Stealth
 + Level 0.1 Shields


You had 2 spell levels left.
You didn't know any spells.
Your spell library was empty.

Dungeon Overview and Level Annotations

Branches:
Dungeon (5/15)
 Temple: D:4-7

Altars:


Innate Abilities, Weirdness & Mutations

You have large cloven feet.


Message History

Things that are here:
a +0 dagger; a +0 chain mail; an orc corpse You start resting.
An orc is nearby!
You start resting.
HP restored.
You see here a +0 falchion.
A scorpion comes into view.
Things that are here:
a +0 dagger; a +0 robe You see here a +0 falchion.
The orc shouts! x2
The orc hits you with a +0 trident of flaming.
The orc burns you.
The orc shouts!
You barely miss the orc. The orc closely misses you.
You hit the orc.
The orc is almost dead.
The orc closely misses you. You block the orc's attack.
You hit the orc.
You kill the orc!
The orc completely misses you. The orc hits you with a +0 mace!
The orc hits you with a +0 hand axe. The orc hits you with a +0 hand axe.
Things that are here:
a +0 trident of flaming; 8 gold pieces You barely miss the orc.
You punch the orc.
The orc is heavily wounded.
The orc hits you with a +0 hand axe. The orc closely misses you.
You closely miss the orc.
The orc is heavily wounded.
You block the orc's attack. The orc misses you.
You hit the orc. Your kick misses the orc.
The orc is almost dead.
You block the orc's attack. The orc hits you with a +0 mace.
* * * LOW HITPOINT WARNING * * *
You hit the orc.
You kill the orc!
The orc closely misses you. The orc hits you with a +0 mace!
You die...

*,* *,* *,*****,*,***** *,*
***,******,* *,*.##***
****,*****,,,,,*,,,,* *,....,,,
*,,,,,,,**,,,,,****** *#...#***
*,**,**,**,,,,,*### *#.....**
*,*,,**,**,,,,,##.######......,**
*,,,,**,**,,,,,#..............,,*
,,,,,,,,,*,,,,,#..............,,+
*,,,,,,,**,,,,,#@).###........,,*
***,,*****,,,,,##o## #.#......,**
*,,,,,,,,***,**#...# #.#*.....**
*,**,***,* *,* ###.###)#**...#*
*,**,***,* *,* #.......# **+##
*,**,,**,***,* ###.##### *.#
*,***,**,,,,,* #.# *.# *,*
*,**,***** #.# ##.## *,***,**,*
#)# ##...####


You could see an orc.

Vanquished Creatures
  A hound (D:5)
  An orc wizard (D:4)
  4 orcs
6 creatures vanquished.

Notes
Turn   | Place    | Note
-------+----------+-------------------------------------------
     0 | D:5      | purpskrrrp the Demonspawn Delver began the quest for the
                  | Orb.
     0 | D:5      | Reached XP level 1. HP: 18/18 MP: 1/1
    12 | D:5      | Noticed a hound
    25 | D:5      | Killed a hound
    26 | D:5      | Reached skill level 5 in Stealth
    26 | D:5      | Discovered your monstrous ancestry.
    26 | D:5      | Gained mutation: You have large cloven feet. [demonic
                  | ancestry]
    26 | D:5      | Reached XP level 2. HP: 24/24 MP: 2/2
    26 | D:5      | Reached XP level 3. HP: 29/29 MP: 3/3
   127 | D:4      | HP: 1/29 [orc/+0 mace (1)]
   148 | D:4      | HP: 1/43 [orc/+0 dagger (3)]
   468 | D:4      | Noticed a scorpion
   495 | D:4      | Slain by an orc

Illustrated notes

Levels and vault maps discovered:
D:4:      layout_loops_corners, lemuel_zombie_altar_yredelemnul,
          minmay_misc_feat_encased, nicolae_take_the_stairs, uniq_grinder
D:5:      layout_basic, minmay_temple_entry_glassed_door,
          cheibrodos_sewer_entry_bend

Skill      XL: |  1 |
---------------+----+-----
Stealth        | 5 |  5.5
Fighting       | |  3.2
Maces & Flails | |  1.9
Armour         | |  0.3
Dodging        | |  1.9
Shields        | |  0.1

Action                   || total
-------------------------++-------
Melee: Mace              ||    24
       Kick              ||     3
       Punch             ||     1
  Use: Potion            ||     2
       Scroll            ||     3
Armor: Leather armour    ||     3
Dodge: Dodged            ||    15
Block: Other             ||    10

Table legend: (Time is in decaauts)
 A = Elapsed time spent in this place.
 B = Non-inter-level travel time spent in this place.
 C = Inter-level travel time spent in this place.
 D = Time resting spent in this place.
 E = Time spent auto-exploring this place.
 F = Levels seen in this place.
 G = Mean time per level.
                   A        B        C        D        E       F      G
               +--------+--------+--------+--------+--------+-----+--------+
         Total |    498 |    471 |     27 |    300 |     11 |   2 |  249.0 |
       Dungeon |    498 |    471 |     27 |    300 |     11 |   2 |  249.0 |
               +--------+--------+--------+--------+--------+-----+--------+

Top non-repeatable levels by time:
     D:4: 420 daAuts
     D:5: 77 daAuts
